 Dungeon Crawl Stone Soup version 0.26-a0-661-g406de6ba63 (webtiles) character file.

Game seed: 401463529593851512

321 strifetoe the Conjurer (level 6, 0/48 HPs)
             Began as a Palentonga Hedge Wizard on Oct 8, 2020.
             Slain by Menkaure (15 damage)
             ... in an ossuary.
             The game lasted 00:07:49 (5520 turns).

strifetoe the Conjurer (Palentonga Hedge Wizard)    Turns: 5520, Time: 00:07:49

Health: 0/48       AC:  5    Str: 15      XL:     6   Next: 22%
Magic:  10/10      EV: 10    Int: 14      God:
Gold:   181        SH:  0    Dex:  9 (10) Spells: 2/11 levels left

rFire    x . .     SeeInvis +   a - +4 spear
rCold    + . .     Faith    +   (no shield)
rNeg     . . .     Spirit   .   b - +0 robe
rPois    .         Reflect  .   c - +0 hat
rElec    .         Harm     .   (no cloak)
rCorr    .         Rampage  .   h - +0 pair of gloves
MR       .....                  (no barding)
Stlth    +.........             v - amulet of faith
HPRegen  0.16/turn              q - ring of ice
MPRegen  0.12/turn              (no ring)

@: hasted, very quick
A: large, rugged brown scales 3, see invisible, deformed body, roll, armoured
tail
a: Rolling Charge


You were in an ossuary.
You visited 1 branch of the dungeon, and saw 4 of its levels.
You also visited: Ossuary.

You collected 181 gold pieces.

Inventory:

Hand Weapons
 a - a +4 spear (weapon)
 e - a +1 vampiric dagger
 i - a +0 morningstar of draining
 s - a +0 short sword
Armour
 b - a +0 robe (worn)
 c - a +0 hat (worn)
 h - a +0 pair of gloves (worn)
Jewellery
 q - a ring of ice (left hand)
 v - an amulet of faith (around neck)
Scrolls
 d - a scroll of magic mapping
 f - a scroll of fear {unknown}
 g - a scroll of amnesia
 j - a scroll of remove curse
 o - 4 scrolls of identify
Potions
 k - a potion of ambrosia
 l - a potion of flight
 u - a potion of invisibility


   Skills:
 + Level 0.4 Polearms
 - Level 1.5 Dodging
 - Level 1.2 Stealth
 - Level 3.0 Spellcasting
 - Level 4.0 Conjurations
 - Level 0.7 Summonings
   Level 1.0 Translocations
 + Level 1.5 Fire Magic
 - Level 1.2 Air Magic
 - Level 2.3 Poison Magic


You had 2 spell levels left.
You knew the following spells:

 Your Spells              Type           Power        Failure   Level
a - Magic Dart            Conj           ##..         4%          1
b - Mephitic Cloud        Conj/Pois/Air  #.......     22%         3
c - Conjure Flame         Conj/Fire      #.......     21%         3
d - Call Imp              Summ           #.......     24%         2

Your spell library contained the following spells:

 Spells                   Type           Power        Failure   Level
 Blink                    Tloc           N/A          22%         2
 Slow                     Hex            #.......     32%         2


Dungeon Overview and Level Annotations

Branches:
Dungeon (4/15)            Ossuary (1/1)
 Temple: D:4-7

Altars:

Annotations:
Ossuary Menkaure


Innate Abilities, Weirdness & Mutations

You are completely covered in rugged brown scales. (AC +3, +7% HP)
You have supernaturally acute eyesight. (SInv)
Armour fits poorly on your strangely shaped body.
You can roll at foes to attack.
You have a long armoured tail.


Message History

You are too injured to fight recklessly!
You are too injured to fight recklessly!
You are too injured to fight recklessly!
You are too injured to fight recklessly!
You are too injured to fight recklessly!
You are too injured to fight recklessly!
You are too injured to fight recklessly!
You are too injured to fight recklessly!
You are too injured to fight recklessly!
You are too injured to fight recklessly!
You are too injured to fight recklessly!
Unknown command.
Quiver which item? (- for none, * to show all) (? for menu, Esc to quit)
Okay, then.
You feel yourself speed up. Menkaure hits you.
You feel better. Menkaure hits you!
You puncture Menkaure!
Menkaure is severely damaged.
Menkaure hits you!
You die...

## ##.^##..## # ##^.##..##
##..##..## ##^.##..## ##^.##..##
##..##^.## ##..##^.##
###################..##..##..##
.............^..@MZ...##..##^.##
#########################..##..##
..........^......^...^......##∩∩#
#################################


You could see Menkaure (fast) and an orc skeleton.

Vanquished Creatures
  A bullfrog (D:3)
  An orc wizard (D:4)
  6 gnolls
  2 adders
  2 oozes
  2 adder skeletons (D:4)
  A dart slug (D:4)
  3 leopard geckos
  7 orcs
  8 bats
  4 giant cockroaches
  4 gnoll zombies (Ossuary)
  11 goblins
  16 hobgoblins
  8 jackals
  10 kobolds
  A quokka (D:3)
  2 frilled lizards
  2 gnoll skeletons (Ossuary)
  6 goblin skeletons (Ossuary)
  3 goblin zombies
  3 hobgoblin skeletons (Ossuary)
  5 hobgoblin zombies (Ossuary)
  2 kobold skeletons (Ossuary)
  6 kobold zombies (Ossuary)
  An orc skeleton (Ossuary)
  4 orc zombies (Ossuary)
  A quokka zombie (D:4)
  4 rats
  5 rat skeletons (Ossuary)
  3 rat zombies (Ossuary)
134 creatures vanquished.

Vanquished Creatures (others)
  A kobold skeleton (Ossuary)
  A rat zombie (Ossuary)
2 creatures vanquished.

Grand Total: 136 creatures vanquished

Notes
Turn   | Place    | Note
-------+----------+-------------------------------------------
     0 | D:1      | strifetoe the Palentonga Hedge Wizard began the quest for
                  | the Orb.
     0 | D:1      | Reached XP level 1. HP: 14/14 MP: 4/4
    25 | D:1      | Reached skill level 1 in Conjurations
   144 | D:1      | Reached XP level 2. HP: 17/21 MP: 6/6
   211 | D:1      | Reached skill level 2 in Conjurations
   311 | D:1      | Reached XP level 3. HP: 5/27 MP: 7/7
   730 | D:1      | Reached skill level 3 in Conjurations
  1384 | D:2      | Reached XP level 4. HP: 26/35 MP: 8/8
  2497 | D:2      | Reached skill level 4 in Conjurations
  2809 | D:2      | Learned a level 3 spell: Mephitic Cloud
  2814 | D:2      | Learned a level 3 spell: Conjure Flame
  3098 | D:3      | Noticed a bullfrog
  3119 | D:3      | Killed a bullfrog
  3119 | D:3      | Reached skill level 1 in Fire Magic
  3119 | D:3      | Reached skill level 1 in Air Magic
  3119 | D:3      | Reached XP level 5. HP: 31/40 MP: 9/9
  3650 | D:3      | Reached skill level 1 in Poison Magic
  4720 | D:3      | Learned a level 2 spell: Call Imp
  4816 | D:4      | Reached XP level 6. HP: 12/48 MP: 10/10
  4978 | D:4      | Found a sand-covered staircase.
  5027 | Ossuary  | Entered an ossuary
  5513 | Ossuary  | Noticed Menkaure
  5520 | Ossuary  | Slain by Menkaure

Illustrated notes

Levels and vault maps discovered:
D:1:      heliophobic_arrival_glass_houses, layout_rooms,
          chequers_serial_rivers_marsh, minmay_domino_4
D:2:      layout_rooms
D:3:      layout_loops_corners
D:4:      layout_loops_ring, lightli_temple_of_fire, enter_ossuary_4,
          minmay_misc_feat_five, bloody_trog
Ossuary:  ossuary_due_pyramid

Skill      XL: |  1  2  3  4  5 |
---------------+----------------+-----
Conjurations   | 1 2 3 4 |  4.0
Fire Magic     | 1 |  1.5
Air Magic      | 1 |  1.2
Poison Magic   | 2 |  2.3
Polearms       | |  0.4
Dodging        | |  1.5
Stealth        | |  1.2
Spellcasting   | |  3.0
Summonings     | |  0.7
Translocations | |  1.0

Action                   |  1- 3 |  4- 6 || total
-------------------------+-------+-------++-------
Melee: Dagger            |   198 |    58 ||   256
       Tailslap          |    20 |    19 ||    39
       Spear             |       |   244 ||   244
 Cast: Magic Dart        |     7 |    34 ||    41
  Use: Scroll            |     1 |     6 ||     7
       Potion            |       |    10 ||    10
 Stab: Sleeping          |     3 |     3 ||     6
Armor: Robe              |    76 |    89 ||   165
       Skin              |       |    24 ||    24
Dodge: Dodged            |   121 |   134 ||   255

Table legend: (Time is in decaauts)
 A = Elapsed time spent in this place.
 B = Non-inter-level travel time spent in this place.
 C = Inter-level travel time spent in this place.
 D = Time resting spent in this place.
 E = Time spent auto-exploring this place.
 F = Levels seen in this place.
 G = Mean time per level.
                   A        B        C        D        E       F      G
               +--------+--------+--------+--------+--------+-----+--------+
         Total |   5549 |   5478 |     71 |   1945 |   2198 |   5 | 1109.8 |
       Dungeon |   5049 |   4978 |     71 |   1753 |   2194 |   4 | 1262.2 |
       Ossuary |    500 |    500 |      0 |    192 |      4 |   1 |  500.0 |
               +--------+--------+--------+--------+--------+-----+--------+

Top non-repeatable levels by time:
     D:1: 1926 daAuts
     D:3: 1558 daAuts
     D:2: 1259 daAuts
 Ossuary: 500 daAuts
     D:4: 305 daAuts
